Map: Orbital Shipyard

Players

Canter - Winner!

  • Race: Zerg Zerg
  • League: Diamond

LilDicky

  • Race: Terran Terran
  • League: Diamond

VOD

http://www.twitch.tv/tumescentpie

Description

Time

  • Played on: Dec. 27, 2015, 12:48 a.m.
  • Length: 13:00
Show
View Real Time Build Order
Export as new Build Order

Canter Zerg - Winner!

Build Orders: Hatch First 

Get SALT Encoding   

  12  0:00  Drone  
  13  0:07  Drone  
  14  0:17  Overlord  
  14  0:27  Extractor  
  14  0:28  Drone  
  15  0:35  Drone  
  15  0:36  Drone  
  17  0:52  Hatchery  
  17  0:56  Drone  
  17  1:00  Drone  
  18  1:14  Spawning Pool  
  17  1:21  Drone  
  17  1:22  Drone  
  19  1:29  Overlord  
  19  1:59  Hatchery  
  19  2:01  Queen  
  20  2:02  Drone x2  
  20  2:07  Drone  
  23  2:09  Drone  
  24  2:24  Drone x2  
  24  2:25  Zergling x2  
  24  2:26  Overlord  
  27  2:33  Queen, Extractor  
  28  2:43  Queen  
  30  2:45  Drone  
  30  2:46  Drone  
  30  2:49  Drone  
  33  2:53  Extractor  
  33  2:57  Drone x2  
  35  3:03  Drone  
  36  3:09  Drone x4  
  36  3:10  Drone  
  41  3:23  Queen, Extractor  
  41  3:25  Extractor  
  42  3:27  Drone x4  
  45  3:37  Extractor  
  44  3:41  Roach Warren  
  43  3:50  Drone x7  
  43  3:51  Overlord x2  
  50  3:57  Overlord  
  50  4:09  Overlord  
  50  4:10  Drone x6  
  50  4:11  Drone  
  57  4:20  Metabolic Boost  
  57  4:25  Roach x4  
  57  4:29  Overlord x2  
  64  4:39  Roach x5  
  74  4:46  Overlord  
  74  4:48  Drone x5  
  79  4:53  Extractor  
  79  4:57  Evolution Chamber  
  79  4:59  Evolution Chamber  
  76  5:15  Drone x6  
  76  5:16  Drone, Overlord x2  
  76  5:17  Zergling x8  
  76  5:19  Lair  
  87  5:25  Zerg Melee Weapons Level 1  
  87  5:26  Zerg Ground Armor Level 1  
  91  5:57  Roach x7  
  91  5:58  Overlord x2, Roach  
  91  5:59  Overlord  
  91  6:02  Extractor  
  91  6:03  Drone  
  91  6:04  Drone  
  104  6:05  Extractor  
  100  6:12  Baneling Nest  
  99  6:23  Infestation Pit, Glial Reconstitution  
  98  6:27  Drone  
  98  6:28  Drone x7  
  98  6:29  Drone  
  98  6:31  Overseer  
  107  6:38  Drone x5, Overlord x2  
  107  6:39  Overlord x2  
  112  6:52  Zergling x2  
  112  6:53  Zergling x8  
  117  6:54  Ravager  
  117  6:55  Ravager x6  
  117  6:56  Hatchery  
  117  7:00  Centrifical Hooks  
  122  7:12  Zergling x10  
  122  7:13  Zergling x10  
  122  7:15  Hive  
  132  7:20  Extractor  
  132  7:22  Zerg Ground Armor Level 2  
  131  7:24  Extractor  
  126  7:38  Zergling x12  
  126  7:39  Zergling x14  
  126  7:51  Zergling x2  
  126  7:52  Zergling x10  
  127  8:03  Zergling x6  
  130  8:08  Baneling x5  
  130  8:09  Baneling  
  130  8:10  Drone  
  130  8:11  Drone x2  
  133  8:16  Zerg Melee Weapons Level 2  
  133  8:22  Ravager  
  133  8:24  Ravager  
  133  8:28  Roach x4  
  133  8:29  Roach  
  139  8:42  Ultralisk Cavern  
  139  8:45  Zergling x2  
  139  8:46  Zergling x24  
  139  8:47  Hatchery  
  146  9:00  Drone  
  146  9:01  Drone x3  
  146  9:03  Drone  
  146  9:07  Baneling x2  
  147  9:14  Roach x2  
  147  9:15  Overlord x6  
  151  9:20  Adrenal Glands  
  151  9:21  Pathogen Glands  
  151  9:32  Queen  
  151  9:33  Pneumatized Carapace  
  151  9:38  Drone x5  
  157  9:42  Zerg Ground Armor Level 3, Chitinous Plating  
  157  9:44  Ultralisk x2  
  157  9:45  Ultralisk  
  176  9:52  Ultralisk  
  168  10:08  Spore Crawler  
  168  10:09  Drone  
  168  10:10  Drone x3, Spine Crawler  
  167  10:25  Ultralisk  
  167  10:26  Ultralisk x2  
  185  10:35  Infestor  
  185  10:36  Infestor  
  176  10:53  Zergling x8  
  176  10:54  Zergling x40  
  197  11:10  Spore Crawler  
  197  11:11  Spine Crawler  
  195  11:30  Infestor  
  195  11:31  Infestor x2  
  183  11:59  Ultralisk x3  
  194  12:07  Spire  
  193  12:08  Hatchery  
  193  12:12  Hydralisk Den  
  182  12:38  Zergling x24  
  182  12:39  Zergling x10  
Show
View Real Time Build Order
Export as new Build Order

LilDicky Terran 

Build Orders: Command Center First (CC), MMM Bio 

Get SALT Encoding   

  12  0:01  SCV  
  13  0:13  SCV  
  14  0:23  Supply Depot  
  14  0:25  SCV  
  15  0:44  SCV  
  16  0:59  Command Center  
  16  1:01  SCV  
  17  1:12  Barracks  
  17  1:15  SCV  
  18  1:27  SCV  
  19  1:39  SCV  
  20  1:51  SCV  
  21  2:03  Marine  
  21  2:06  Supply Depot, Orbital Command  
  22  2:11  Orbital Command  
  22  2:21  Marine  
  23  2:39  Marine  
  23  2:43  Command Center  
  24  2:49  SCV  
  24  2:50  SCV  
  26  2:57  Marine  
  27  3:01  SCV  
  27  3:03  Command Center  
  27  3:04  SCV  
  29  3:12  Refinery  
  29  3:13  SCV  
  29  3:16  SCV, Marine  
  29  3:18  Refinery  
  32  3:25  SCV  
  33  3:28  SCV  
  33  3:34  Marine  
  34  3:38  SCV  
  34  3:40  SCV  
  37  3:52  Marine  
  37  3:53  Barracks  
  37  3:54  Barracks  
  37  3:55  SCV  
  39  3:56  Barracks  
  39  3:57  Barracks  
  39  4:00  Orbital Command  
  39  4:01  SCV  
  40  4:07  SCV  
  40  4:09  Marine  
  41  4:15  SCV  
  43  4:17  Orbital Command  
  43  4:21  Orbital Command  
  43  4:27  Marine  
  44  4:34  SCV  
  44  4:35  SCV  
  46  4:39  Barracks  
  46  4:41  Barracks  
  46  4:43  Barracks  
  46  4:47  Barracks Tech Lab x2  
  46  4:48  Barracks Reactor  
  46  4:49  Barracks Reactor  
  46  4:51  Barracks Tech Lab  
  46  4:53  SCV  
  46  4:54  SCV  
  46  4:55  Bunker  
  48  5:07  SCV  
  48  5:08  SCV  
  48  5:13  Marine  
  52  5:15  SCV, Combat Shields  
  52  5:16  Stimpack  
  52  5:18  Marauder  
  52  5:19  SCV, Marauder  
  52  5:20  SCV  
  58  5:24  Refinery  
  58  5:25  Refinery  
  58  5:26  SCV  
  58  5:27  SCV  
  60  5:31  Marauder  
  60  5:33  SCV, Bunker  
  63  5:36  Barracks Tech Lab x3  
  63  5:37  Marine  
  63  5:38  Marine  
  63  5:39  Marauder  
  67  5:45  SCV  
  67  5:46  Supply Depot, Marauder  
  67  5:47  Concussive Shells  
  67  5:48  Marine  
  71  5:57  Supply Depot  
  71  6:01  SCV x2, Marine x2  
  71  6:02  Marine  
  71  6:03  Engineering Bay  
  76  6:07  Supply Depot  
  76  6:08  Marauder  
  78  6:12  Supply Depot  
  78  6:13  Marine  
  78  6:14  Marauder x2  
  83  6:33  SCV  
  83  6:34  SCV  
  83  6:36  SCV x2, Marine x3  
  83  6:38  Marauder x3  
  83  6:39  Marauder x2  
  100  6:44  Supply Depot  
  100  6:45  Factory  
  100  6:47  Marine  
  100  6:48  Marine  
  102  6:54  Marine  
  103  7:04  Marine  
  103  7:05  Marine x7  
  103  7:06  Marauder  
  113  7:09  Supply Depot  
  113  7:11  Terran Infantry Weapons Level 1  
  113  7:12  Supply Depot  
  113  7:14  Marine  
  114  7:16  SCV x2, Engineering Bay  
  116  7:23  Supply Depot  
  116  7:24  Missile Turret  
  116  7:27  Supply Depot  
  116  7:30  Marauder, Starport, Marine x4  
  106  7:54  Marine x2  
  106  7:55  Marauder x2, Marine  
  109  8:03  Marauder, Marine x2  
  109  8:04  Marauder  
  114  8:08  Medivac  
  114  8:09  Factory Reactor  
  114  8:11  Marine  
  114  8:12  Marine x2  
  119  8:15  Supply Depot  
  119  8:16  Barracks  
  119  8:17  Barracks, Marauder x2  
  119  8:18  Command Center  
  119  8:19  Terran Infantry Armor Level 1, Barracks  
  123  8:22  Armory, Missile Turret  
  122  8:38  Marine  
  122  8:39  Marine x6  
  122  8:40  Marauder  
  115  9:00  Marine x2  
  115  9:01  Marauder, Marine x2  
  115  9:02  Marauder  
  103  9:06  Marine x3  
  103  9:07  Marauder  
  108  9:10  Marine  
  108  9:11  Marine x2  
  108  9:13  Medivac x2  
  115  9:18  Marine x3  
  115  9:23  Marauder  
  120  9:28  Marine x3  
  123  9:44  Marauder  
  125  9:50  Missile Turret  
  125  9:52  Missile Turret  
  118  9:54  Missile Turret  
  118  9:57  Marine x2  
  108  10:06  Marauder  
  107  10:09  Marine  
  107  10:10  Marine x8  
  107  10:11  Marauder  
  116  10:27  Marauder  
  118  10:30  Marine x2  
  104  10:46  Liberator, Marine x5  
  104  10:47  Liberator, Marine x5  
  104  10:48  Marine x3  
  114  11:04  Marine x3  
  117  11:05  Marauder x5  
  117  11:06  Marauder  
  135  11:11  Missile Turret  
  135  11:12  Missile Turret  
  135  11:13  Missile Turret  
  135  11:16  Marine x4  
  139  11:26  Marauder x5  
  139  11:29  Liberator  
  139  11:30  Liberator  
  146  11:37  Marine x5  
  146  11:38  Marauder  
  151  11:41  Starport x2, Marine x2  
  156  11:47  Marine x3  
  156  11:48  Marauder x2  
  150  11:56  Planetary Fortress  
  150  12:05  Marine x2  
  150  12:06  Marine  
  150  12:07  Marauder x3  
  159  12:10  Marine  
  159  12:11  Marine  
  133  12:37  Marine x2  
Tags
 
Add a new tag
Caveats
  • Supply blocks, unpowered buildings, or Contaminate may cause inaccurate times.
  • Supply counts are checked every 10 seconds.